 Dungeon Crawl Stone Soup version 0.22-a0-580-gd5db89c (webtiles) character file.

4643 Amnesiac the Thaumaturge (level 10, -2/44 HPs)
             Began as a Spriggan Earth Elementalist on July 2, 2018.
             Was a Believer of Kikubaaqudgha.
             Slain by a soldier ant (8 damage)
             ... on level 8 of the Dungeon.
             The game lasted 00:15:48 (7873 turns).

Amnesiac the Thaumaturge (SpEE)                     Turns: 7873, Time: 00:15:48

Health: -2/44      AC:  7    Str:  4    XL:     10   Next: 20%
Magic:  22/27      EV: 18    Int: 23    God:    Kikubaaqudgha [**....]
Gold:   479        SH:  0    Dex: 17    Spells: 14/34 levels left

rFire    . . .     SeeInvis +   I - +1 long sword of Righteous Anger {drain, Int+3}
rCold    + . .     Gourm    .   (shield restricted)
rNeg     + . .     Faith    .   K - +2 robe {rC+}
rPois    .         Spirit   .   (helmet restricted)
rElec    .         Reflect  .   C - +2 cloak
rCorr    .         Harm     +   (gloves unavailable)
MR       +....                  (boots unavailable)
Stlth    +++.......             o - amulet of harm
HPRegen  0.14/turn              s - ring of positive energy
MPRegen  0.20/turn              H - ring of stealth

@: very quick
A: very small, unfitting armour, see invisible, herbivore, speed 3, slow
metabolism 2
a: Receive Corpses, Renounce Religion


You were on level 8 of the Dungeon.
You worshipped Kikubaaqudgha.
Kikubaaqudgha was pleased with you.
You were full.

You visited 2 branches of the dungeon, and saw 9 of its levels.

You collected 479 gold pieces.

Inventory:

Hand Weapons
 a - a +2 short sword of speed
 b - a +0 hunting sling
 F - a +0 short sword of venom
 I - the +1 long sword of Righteous Anger (weapon) {drain, Int+3}
   (You found it on level 6 of the Dungeon)

   A truly terrible weapon, it drains the life of those it strikes.
   It affects your intelligence (+3).
 N - a +0 blowgun
 O - a +3 dagger of chaos
Missiles
 e - 234 stones (quivered)
 B - 53 sling bullets
Armour
 C - a +2 cloak (worn)
 K - a +2 robe of cold resistance (worn)
Jewellery
 o - an amulet of harm (around neck)
 s - a ring of positive energy (left hand)
 H - a ring of stealth (right hand)
Wands
 f - a wand of polymorph (9)
 v - a wand of paralysis (15)
 D - a wand of flame (17)
Scrolls
 i - 2 scrolls of remove curse {!r}
 k - a scroll of enchant weapon {!r, unknown}
 l - a scroll of enchant armour {!r, unknown}
 t - a scroll of magic mapping {!r, unknown}
 u - a scroll of fog {!r}
 x - 3 scrolls of teleportation {!r, unknown}
 L - a scroll of blinking {!r}
 M - a scroll of amnesia {!r}
Potions
 c - a potion of brilliance {!q}
 g - 2 potions of agility {!q, unknown}
 h - 4 potions of heal wounds {!q}
 j - a potion of invisibility {!q}
 m - 2 potions of magic {!q, unknown}
 n - a potion of flight {!q}
 p - a potion of lignification {!q}
 q - 3 potions of mutation {!q, unknown}
 r - 5 potions of curing {!q}
 A - a potion of resistance {!q}
Comestibles
 d - 8 rations


   Skills:
 - Level 3.0 Dodging
 - Level 3.0 Stealth
 + Level 12.9 Spellcasting
 - Level 8.0 Transmutations
 - Level 8.0 Earth Magic


You had 14 spell levels left.
You knew the following spells:

 Your Spells              Type           Power        Failure   Level  Hunger
a - Sandblast             Erth           ######       1%          1    None
b - Passwall              Tmut/Erth      ######..     1%          2    None
c - Stone Arrow           Conj/Erth      ####..       2%          3    None
d - Lee's Rapid Deconstr  Erth           ######....   4%          5    ###....
e - Petrify               Tmut/Erth      ######..     1%          4    None
f - Sublimation of Blood  Necr           ##........   6%          2    None
r - Regeneration          Chrm/Necr      ##........   13%         3    None

Your spell library contained the following spells:

 Spells                   Type           Power        Failure   Level  Hunger
 Pain                     Necr           ##..         4%          1    None
 Animate Skeleton         Necr           N/A          4%          1    None


Dungeon Overview and Level Annotations

Branches:
Dungeon (8/15)             Temple (1/1) D:6
   Lair: D:8-11

Altars:
Ashenzari
Dithmenos
Kikubaaqudgha
Nemelex Xobeh
Ru
Trog
Vehumet
Wu Jian


Innate Abilities, Weirdness & Mutations

You are very small and have problems with some larger weapons.
You are too small for most types of armour.
You have supernaturally acute eyesight. (SInv)
You are a herbivore.
You cover ground extremely quickly.
You need to consume almost no food.


Message History

Confirm with . or Enter, or press ? or * to list all spells.
Aiming: Petrify (safe; 1% risk of failure)
Press: ? - help, Shift-Dir - straight line, f - hornet
Aim: a hornet (chance to defeat MR: 65%)
The hornet struggles to resist.
The hornet barely misses you.
Casting: Petrify (safe; 1% risk of failure)
Confirm with . or Enter, or press ? or * to list all spells.
Aiming: Petrify (safe; 1% risk of failure)
Press: ? - help, Shift-Dir - straight line, f/p - hornet
Aim: a hornet (chance to defeat MR: 65%)
The hornet is moving more slowly.
The hornet stings you but does no damage.
Unknown command.
You hit the hornet.
The hornet is lightly wounded.
The hornet stings you!
You feel yourself slow down. The hornet misses you.
A soldier ant comes into view.
The soldier ant twitches its antennae in your direction.
You hit the hornet but do no damage.
The hornet is lightly wounded.
You feel yourself speed up. The hornet barely misses you.
The hornet stings you.
You feel yourself slow down. The hornet stings you!
* * * LOW HITPOINT WARNING * * *
You feel as though you will be slow longer.
You catch the helpless hornet completely off-guard!
You hit the hornet. You drain the hornet!
The hornet is lightly wounded.
You feel yourself speed up.
The hornet stops moving altogether!
The worker ant completely misses you.
You riposte.
You hit the worker ant. You drain the worker ant!
The worker ant is moderately wounded.
The worker ant closely misses you. The worker ant misses you.
The helpless hornet fails to defend itself.
You hit the hornet.
The hornet is lightly wounded.
The helpless hornet fails to defend itself.
You hit the hornet but do no damage.
The hornet is lightly wounded.
The soldier ant completely misses you.
The helpless hornet fails to defend itself.
You hit the hornet.
The hornet is lightly wounded.
The soldier ant stings you.
* * * LOW HITPOINT WARNING * * *
You are lethally poisoned!
The soldier ant poisons you!
* * * LOW HITPOINT WARNING * * *
You feel sick.
* * * LOW HITPOINT WARNING * * *
You feel sick.
Really quaff
r - 6 potions of curing {!q}?
You feel better.
You hit the soldier ant but do no damage.
You drain the soldier ant!
The soldier ant is lightly wounded.
The worker ant barely misses you.
You barely miss the worker ant.
The worker ant is moderately wounded.
The hornet is no longer petrified.
The worker ant bites you.
* * * LOW HITPOINT WARNING * * *
The soldier ant stings you!
You die...
Kikubaaqudgha rasps: "You have failed me!
Welcome... death!"

..####.#...##.# ###
#.##.###.#
#.##.###.############
#........##.........#
####.######.#######.#
#########.# #.# #.#
..........######.#####
#.#
...#####........a....#
#.#
...#####..######@###.#
#.# #..........##
##ay.#.# #>#
...####.....#
#..#...###.#
.#.#####...##
###.###....# #
##........##
#.#.###### #
#########.# #.#.# # ##
#.# ##.#.# # .# ##'##
#.# ## # .# ##...## ##


You could see a soldier ant, a hornet and a worker ant.

Vanquished Creatures
  A two-headed ogre (D:7)
  Pikel (D:6)
  Joseph (D:7)
  Psyche (D:8)
  Sigmund (D:6)
  Grum (D:8)
  2 sky beasts
  3 slaves (D:6)
  An ice beast (D:7)
  A necrophage (D:5)
  An orc warrior (D:7)
  4 wolves (D:8)
  A centaur (D:8)
  2 big kobolds
  5 bullfrogs
  A gnoll sergeant (D:7)
  3 scorpions
  3 killer bees (D:8)
  4 wights (D:6)
  A howler monkey (D:4)
  A crimson imp (D:5)
  5 orc priests
  A hound (D:6)
  Crazy Yiuf (D:5)
  A gnoll shaman (D:8)
  2 bullfrog skeletons
  A centaur skeleton (D:4)
  3 orc wizards
  An iguana (D:8)
  2 worker ants
  Robin (D:2)
  5 gnolls
  9 adders
  2 shadow imps
  An ooze (D:1)
  3 adder skeletons
  2 dart slugs
  3 leopard geckos
  22 orcs
  3 bats
  3 giant cockroaches (D:1)
  14 goblins
  8 hobgoblins
  4 jackals
  16 kobolds
  2 quokkas
  A ball python (D:5)
  5 frilled lizards
  A leopard gecko zombie (D:6)
  4 rats
  A fungus (D:5)
166 creatures vanquished.

Notes
Turn   | Place    | Note
-------+----------+-------------------------------------------
     0 | D:1      | Amnesiac the Spriggan Earth Elementalist began the quest for the Orb.
     0 | D:1      | Reached XP level 1. HP: 9/9 MP: 5/5
   207 | D:1      | Reached skill level 3 in Spellcasting
   207 | D:1      | Reached XP level 2. HP: 13/13 MP: 7/7
   211 | D:1      | Learned a level 2 spell: Passwall
   914 | D:2      | Reached XP level 3. HP: 16/16 MP: 6/8
   919 | D:2      | Learned a level 3 spell: Stone Arrow
  1669 | D:2      | Noticed Robin
  1710 | D:2      | Killed Robin
  1769 | D:2      | Reached XP level 4. HP: 21/21 MP: 9/9
  3053 | D:3      | Reached XP level 5. HP: 24/24 MP: 5/11
  3112 | D:3      | Learned a level 5 spell: Lee's Rapid Deconstruction
  3350 | D:4      | Found an ancient bone altar of Kikubaaqudgha.
  3379 | D:4      | Became a worshipper of Kikubaaqudgha
  3479 | D:4      | Found a shattered altar of Ashenzari.
  3517 | D:4      | Reached skill level 4 in Spellcasting
  3526 | D:4      | Reached XP level 6. HP: 8/28 MP: 2/13
  3566 | D:4      | Found an ornate altar of the Wu Jian Council.
  3704 | D:5      | Entered Level 5 of the Dungeon
  3925 | D:5      | Found a radiant altar of Vehumet.
  3955 | D:5      | Reached skill level 5 in Transmutations
  3955 | D:5      | Reached skill level 5 in Earth Magic
  4003 | D:5      | Noticed a sky beast
  4008 | D:5      | Killed a sky beast
  4044 | D:5      | Reached * piety under Kikubaaqudgha
  4044 | D:5      | Identified Kikubaaqudgha's Compendium of Dark Secrets (Kikubaaqudgha gifted it to you on level 5 of the Dungeon)
  4044 | D:5      | Received a gift from Kikubaaqudgha
  4048 | D:5      | Reached XP level 7. HP: 28/32 MP: 8/15
  4229 | D:5      | Reached skill level 5 in Spellcasting
  4292 | D:5      | Found a runed door.
  4297 | D:5      | Noticed Crazy Yiuf
  4303 | D:5      | Killed Crazy Yiuf
  4394 | D:6      | Noticed Sigmund
  4399 | D:6      | Killed Sigmund
  4415 | D:6      | Learned a level 4 spell: Petrify
  4506 | D:6      | Found a bloodstained altar of Trog.
  4506 | D:6      | Found a sacrificial altar of Ru.
  4621 | D:6      | Reached XP level 8. HP: 36/36 MP: 1/17
  4729 | D:6      | Reached skill level 6 in Spellcasting
  4939 | D:6      | Learned a level 3 spell: Regeneration
  5011 | D:6      | Found a staircase to the Ecumenical Temple.
  5066 | D:6      | Found a shadowy altar of Dithmenos.
  5131 | D:6      | Got a brightly glowing long sword
  5144 | D:6      | Identified the cursed +1 long sword of Righteous Anger {drain, Int+3} (You found it on level 6 of the Dungeon)
  5274 | D:6      | Noticed Pikel
  5373 | D:6      | Killed Pikel
  5656 | Temple   | Entered the Ecumenical Temple
  5947 | D:7      | Reached skill level 7 in Spellcasting
  6053 | D:7      | Noticed Joseph
  6461 | D:7      | Reached XP level 9. HP: 34/39 MP: 7/21
  6465 | D:7      | Learned a level 2 spell: Sublimation of Blood
  6555 | D:7      | Reached ** piety under Kikubaaqudgha
  6652 | D:7      | Killed Joseph
  6652 | D:7      | Reached skill level 8 in Spellcasting
  6859 | D:8      | Reached skill level 9 in Spellcasting
  6965 | D:8      | Noticed a two-headed ogre
  7016 | D:7      | Killed a two-headed ogre
  7016 | D:7      | Reached skill level 11 in Spellcasting
  7401 | D:8      | Noticed Psyche
  7411 | D:8      | Killed Psyche
  7411 | D:8      | Reached skill level 12 in Spellcasting
  7411 | D:8      | Reached XP level 10. HP: 34/44 MP: 15/27
  7438 | D:8      | Found a sparkling altar of Nemelex Xobeh.
  7536 | D:8      | Noticed Grum
  7544 | D:8      | Killed Grum
  7869 | D:8      | HP: 2/44 [poisoned by a soldier ant]
  7873 | D:8      | Slain by a soldier ant

Vault maps used:
D:1:      dpeg_chamrin_arrival_tetris, kennysheep_another_room,
          amethyst_killhole
D:2:      uniq_robin
D:3:      minmay_misc_feat_hallway
D:4:      lemuel_crystal_altar, kennysheep_mini, old_standard_altar
D:5:      lemuel_doored_altar, first_ration, uniq_crazy_yiuf_cottage
D:6:      gammafunk_temple_overflow_elements, temple_statues,
          nicolae_dithmenos_through_a_glass_darkly, uniq_sigmund, uniq_pikel
D:7:      uniq_joseph
D:8:      hangedman_pestilent_swarm, nemelex_diamond_rough_becter, uniq_psyche,
          uniq_grum
Temple:   nicolae_temple_figure_eight

Skill      XL: |  1  2  3  4  5  6  7  8  9 |
---------------+----------------------------+-----
Spellcasting   | 3 4 5 7 12 | 12.9
Earth Magic    | 3 4 5 6 8 |  8.0
Transmutations | 3 4 5 6 8 |  8.0
Dodging        | |  3.0
Stealth        | |  3.0

Action                   |  1- 3 |  4- 6 |  7- 9 | 10-12 || total
-------------------------+-------+-------+-------+-------++-------
Melee: Short sword       |       |       |    22 |       ||    22
       Whip              |       |       |     9 |       ||     9
       Long sword        |       |       |   296 |    38 ||   334
 Fire: Hunting sling     |   149 |   102 |     1 |       ||   252
 Cast: Sandblast         |     1 |    56 |    44 |    12 ||   113
       Lee's Rapid Decon |       |       |     7 |     4 ||    11
       Passwall          |       |       |     4 |       ||     4
       Petrify           |       |       |    20 |     3 ||    23
       Regeneration      |       |       |    15 |     2 ||    17
  Use: Potion            |       |       |     3 |     3 ||     6
       Scroll            |       |       |     1 |    12 ||    13
 Stab: Sleeping          |       |       |     8 |       ||     8
       Petrified         |       |       |    76 |     3 ||    79
       Petrifying        |       |       |     3 |     1 ||     4
  Eat: Ration            |       |       |     4 |     3 ||     7
Armor: Robe              |     8 |     6 |    64 |    11 ||    89
Dodge: Dodged            |    44 |    67 |   214 |    56 ||   381
       Rpst.: Long sword |       |       |    57 |    14 ||    71

Table legend:
 A = Spawn XP
 B = Non-spawn XP
 C = Spawn XP percentage of total XP
 D = Spawn monster count
 E = Non-spawn monster count
 F = Spawn count percentage of total count
 G = Total turns spent on level
                    A         B        C        D         E        F      G
               +---------+---------+-------+---------+---------+-------+---------
         Total |       0 |    6634 |   0.0 |       0 |     162 |   0.0 |  7873
               +---------+---------+-------+---------+---------+-------+---------
           D:1 |       0 |      39 |   0.0 |       0 |      18 |   0.0 |   906
           D:2 |       0 |      60 |   0.0 |       0 |      20 |   0.0 |  1091
           D:3 |       0 |     105 |   0.0 |       0 |      19 |   0.0 |  1338
           D:4 |       0 |     185 |   0.0 |       0 |       7 |   0.0 |   369
           D:5 |       0 |     546 |   0.0 |       0 |      15 |   0.0 |   627
           D:6 |       0 |    1320 |   0.0 |       0 |      24 |   0.0 |  1337
           D:7 |       0 |    2210 |   0.0 |       0 |      24 |   0.0 |  1338
           D:8 |       0 |    2169 |   0.0 |       0 |      35 |   0.0 |   865
               +---------+---------+-------+---------+---------+-------+---------
